 Dungeon Crawl Stone Soup version 0.21.1-1-g345015f (webtiles) character file.

32 n0claF the Slasher (level 3, 0/31 HPs)
             Began as a Minotaur Gladiator on June 22, 2018.
             Succumbed to an adder's poison
             ... on level 2 of the Dungeon.
             The game lasted 00:01:44 (569 turns).

n0claF the Slasher (Minotaur Gladiator)              Turns: 569, Time: 00:01:45

Health: 0/31       AC:  3    Str: 16 (18) XL:     3   Next: 10%
Magic:  2/2        EV: 12    Int:  3 (5)  God:
Gold:   83         SH:  0    Dex:  9 (12) Spells: 2/2 levels left

rFire    . . .     SeeInvis .   a - +0 long sword
rCold    . . .     Gourm    .   (no shield)
rNeg     . . .     Faith    .   b - +0 leather armour
rPois    .         Spirit   .   c - +0 hat
rElec    .         Reflect  .   (no cloak)
rCorr    .         Harm     .   (no gloves)
MR       .....                  (no boots)
Stlth    +.........             (no amulet)
HPRegen  0.10/turn              (no ring)
MPRegen  0.08/turn              (no ring)

@: lethally poisoned (0 -> -11)
A: retaliatory headbutt, horns 2
a: no special abilities


You were on level 2 of the Dungeon.
You were not hungry.

You visited 1 branch of the dungeon, and saw 2 of its levels.

You collected 83 gold pieces.

Inventory:

Hand Weapons
 a - a +0 long sword (weapon)
Missiles
 d - 4 throwing nets (quivered) {!f}
Armour
 b - a +0 leather armour (worn)
 c - a +0 hat (worn)
Scrolls
 f - a scroll of fog {unknown}
 h - a scroll of enchant weapon {unknown}
 i - a scroll of blinking {unknown}
 k - a scroll of immolation {unknown}
 l - a scroll of fear {unknown}
 m - a scroll of identify {unknown}
Comestibles
 e - 3 rations {!d}
 g - 7 chunks of flesh


   Skills:
 + Level 3.0 Fighting
 + Level 4.0 Long Blades
 - Level 2.0 Throwing
 * Level 3.7 Dodging
 + Level 1.0 Stealth


You had 2 spell levels left.
You didn't know any spells.

Dungeon Overview and Level Annotations

Branches:
Dungeon (2/15)

Altars:


Innate Abilities, Weirdness & Mutations

You reflexively headbutt those who attack you in melee.
You have a pair of horns on your head.


Message History

You closely miss the hobgoblin. The adder misses you.
The giant cockroach completely misses you.
The hobgoblin hits you. The worm bites you.
You slash the hobgoblin!
You kill the hobgoblin!
The adder barely misses you. The giant cockroach closely misses you.
The adder bites you but does no damage. The giant cockroach closely misses you.
Unknown command.
You closely miss the adder. Your headbutt misses the adder.
The adder barely misses you. You furiously retaliate!
You headbutt the adder.
You riposte.
You miss the adder. Your headbutt misses the adder. The worm bites you.
The giant cockroach closely misses you.
You miss the adder. The adder bites you.
* * * LOW HITPOINT WARNING * * *
You are poisoned.
The adder poisons you!
The giant cockroach waves its antennae.
The giant cockroach closely misses you. The worm bites you.
* * * LOW HITPOINT WARNING * * *
The adder bites you.
* * * LOW HITPOINT WARNING * * *
You are lethally poisoned!
The adder poisons you!
* * * LOW HITPOINT WARNING * * *
You feel sick.
The giant cockroach bites you but does no damage.
You closely miss the adder.
* * * LOW HITPOINT WARNING * * *
You feel sick. The adder bites you.
* * * LOW HITPOINT WARNING * * *
The giant cockroach misses you. You furiously retaliate!
You headbutt the giant cockroach!
You kill the giant cockroach!
The adder bites you.
* * * LOW HITPOINT WARNING * * *
You closely miss the adder. Your headbutt misses the adder.
* * * LOW HITPOINT WARNING * * *
You feel sick. The adder bites you.
* * * LOW HITPOINT WARNING * * *
You are more poisoned.
The adder poisons you! The worm barely misses you. You furiously retaliate!
You headbutt the worm!
You riposte.
You slash the worm!
It was a potion of degeneration.
There was something very wrong with that liquid.
You feel weakened.
You feel dopey.
You feel clumsy.
* * * LOW HITPOINT WARNING * * *
You feel sick. The adder misses you. The worm bites you but does no damage.
The adder closely misses you.
You riposte.
You miss the adder. You miss the adder.
You die...

........................#
........................#
....#.##................#
.......#................#
#..................##
#.................##
#............###.####
##...........w.......
#..........@S.......
##........##†.......
#........##........
#........##........
#......).##........
#........##........
#........##........
###.#.....#########
#.......#


You could see a worm and an adder.

Vanquished Creatures
  An ooze (D:1)
  A dart slug (D:2)
  2 giant cockroaches
  4 hobgoblins
  5 bats (D:1)
  3 frilled lizards (D:1)
  4 goblins
  2 kobolds
  5 rats (D:1)
27 creatures vanquished.

Notes
Turn   | Place    | Note
-------+----------+-------------------------------------------
     0 | D:1      | n0claF the Minotaur Gladiator began the quest for the Orb.
     0 | D:1      | Reached XP level 1. HP: 18/18 MP: 0/0
    78 | D:1      | Reached XP level 2. HP: 23/25 MP: 1/1
   409 | D:1      | Reached skill level 4 in Long Blades
   518 | D:2      | Reached skill level 1 in Stealth
   518 | D:2      | Reached XP level 3. HP: 28/31 MP: 2/2
   568 | D:2      | HP: 1/31 [poisoned by an adder]
   569 | D:2      | Succumbed to an adder's poison

Skill      XL: |  1  2 |
---------------+-------+-----
Long Blades    | 4 |  4.0
Fighting       | 3 |  3.0
Stealth        | 1 |  1.0
Throwing       | |  2.0
Dodging        | |  3.7

Action                   || total
-------------------------++-------
Melee: Long sword        ||    49
       Headbutt          ||     5
  Use: Potion            ||     1
Armor: Leather armour    ||    13
Dodge: Dodged            ||    47
       Rpst.: Long sword ||    14
